 Dungeon Crawl Stone Soup version 0.16.2-12-gd0ad4c3 (webtiles) character file.

171210 faibistes the Eclecticist (level 17, 0/97 HPs)
             Began as a Deep Elf Wizard on Mar 9, 2018.
             Was the Champion of Sif Muna.
             Shot with an arrow by a naga sharpshooter (20 damage)
             ... led by Vashnia
             ... on level 2 of the Snake Pit on Mar 10, 2018.
             The game lasted 03:05:57 (56092 turns).

faibistes the Eclecticist (Deep Elf Wizard)        Turns: 56092, Time: 03:05:57

Health: 0/97       AC: 13    Str:  4    XL:     17   Next: 38%
Magic:  24/55      EV: 17    Int: 31    God:    Sif Muna [******]
Gold:   340        SH:  0    Dex: 13    Spells: 12 memorised, 2 levels left

rFire  + . .     SeeInvis .     w - +12 broad axe "Vuhiny" {vamp, rC+ MP+9}
rCold  + + .     Clarity  .     h - +2 robe {rC+ rF+}
rNeg   . . .     SustAb   .     (no shield)
rPois  .         Gourm    .     b - +0 hat
rElec  .         Spirit   .     s - +2 cloak
rCorr  .         Warding  .     F - +2 pair of gloves
rMut   .         Stasis   .     G - +2 pair of boots
MR     ++...                    (no amulet)
Stlth  ++........               X - ring of magical power
                                E - ring of protection from magic

@: very resistant to hostile enchantments, unstealthy
A: spit poison 1
a: Spit Poison, Channel Energy, Forget Spell, Renounce Religion


You were on level 2 of the Snake Pit.
You worshipped Sif Muna.
Sif Muna was exalted by your worship.
You were not hungry.

You visited 6 branches of the dungeon, and saw 32 of its levels.

You collected 3479 gold pieces.
You spent 3139 gold pieces at shops.

Inventory:

Hand weapons
 w - the +12 broad axe "Vuhiny" (weapon) {vamp, rC+ MP+9}
   (You bought it in a shop on level 1 of the Orcish Mines)

   It inflicts no extra harm, but heals its wielder somewhat when it strikes a
   living foe.
   It protects you from cold.
   It affects your magic capacity (+9).
 B - the +4 falchion "Wuthrudos" {venom, rF+ rN+}
   (You found it on level 4 of the Orcish Mines)

   It poisons the flesh of those it strikes.
   It protects you from fire.
   It protects you from negative energy.
Armour
 b - a +0 hat (worn)
 h - a +2 robe of resistance (worn)
 s - a +2 cloak (worn)
 F - a +2 pair of gloves (worn)
 G - a +2 pair of boots (worn)
Jewellery
 n - an uncursed ring of see invisible
 q - an uncursed ring of positive energy
 E - a ring of protection from magic (left hand)
 R - an uncursed ring of invisibility
 X - a ring of magical power (right hand)
 Z - an uncursed ring of protection from fire
Magical devices
 c - a wand of lightning (4)
 r - a wand of enslavement (21)
 u - a wand of confusion (1)
 x - a wand of digging (14)
 C - a wand of slowing (38)
 H - a wand of fireball (2)
 L - a wand of disintegration (17)
 O - a wand of enslavement (10)
 P - a wand of digging (11)
 U - a wand of enslavement (8)
Scrolls
 a - 6 scrolls of teleportation
 e - 8 scrolls of immolation
 j - a scroll of recharging
 l - 12 scrolls of remove curse
 o - 5 scrolls of identify
 t - 4 scrolls of fear
 y - 5 scrolls of magic mapping
 K - 2 scrolls of fog
Potions
 f - a potion of magic
 g - a potion of haste
 i - 3 potions of heal wounds
 k - 6 potions of curing
 p - a potion of resistance
 A - 7 potions of brilliance
 Q - a potion of invisibility
 S - a potion of restore abilities
 T - a potion of flight
Books
 m - a book of Frost

   Spells                             Type                      Level
   a - Freeze                         Ice                          1
   b - Throw Frost                    Conjuration/Ice              2
   c - Ozocubu's Armour               Charms/Ice                   3
   d - Throw Icicle                   Conjuration/Ice              4
   e - Summon Ice Beast               Ice/Summoning                4
   f - Condensation Shield            Ice                          4
Miscellaneous
 Y - a phial of floods
Comestibles
 d - 16 bread rations
 z - 5 meat rations
 N - 12 fruits


   Skills:
 + Level 8.1 Fighting
 - Level 10.1 Dodging
 - Level 2.4 Stealth
 * Level 18.0 Spellcasting
 + Level 11.9 Conjurations
 * Level 12.1 Charms
 - Level 5.0 Summonings
 - Level 7.6 Translocations
 - Level 3.0 Transmutations
 + Level 11.8 Fire Magic
   Level 3.1 Ice Magic
 - Level 5.0 Air Magic
 * Level 11.3 Earth Magic
 - Level 2.8 Poison Magic
 - Level 10.0 Invocations
 - Level 9.0 Evocations


You had 2 spell levels left.
You knew the following spells:

 Your Spells              Type           Power        Failure   Level  Hunger
a - Airstrike             Air            ######....   1%          4    None
b - Conjure Flame         Conj/Fire      #######.     1%          3    None
c - Summon Lightning Spi  Summ/Air       ######..     1%          4    None
d - Blink                 Tloc           N/A          1%          2    None
e - Mephitic Cloud        Conj/Pois/Air  ######..     1%          3    None
f - Deflect Missiles      Chrm/Air       ######....   8%          6    None
g - Iskenderun's Battles  Conj/Chrm      #######.     1%          5    None
h - Passwall              Trmt/Erth      ######....   1%          3    None
i - Ignite Poison         Fire/Trmt      ######....   1%          5    None
v - Bolt of Fire          Conj/Fire      #######...   1%          6    None
x - Force Lance           Conj/Tloc      ######..     1%          4    None
z - Fireball              Conj/Fire      #######...   1%          5    None


Dungeon Overview and Level Annotations

Branches:
Dungeon (13/15)            Temple (1/1) D:6            Lair (8/8) D:9
  Swamp (0/5) Lair:5        Snake (4/5) Lair:3        Slime (0/6) Lair:7
    Orc (4/4) D:11            Elf (2/3) Orc:4
 Vaults: D:13-14

Altars:
Ashenzari
Cheibriados
Dithmenos
Elyvilon
Fedhas
Gozag
Kikubaaqudgha
Makhleb
Nemelex Xobeh
Okawaru
Qazlal
Ru
Sif Muna
Trog
Vehumet
Xom
Yredelemnul
Zin
The Shining One
Lugonu

Shops:
D:7 [   D:11 ([   Orc:1 *   Orc:4 :%[%[   Elf:1 (   Elf:2 ?   Snake:2 *

Portals:
Pandemonium: Orc:4
Labyrinth: D:13
Trove: Elf:2 (give 14 scrolls of teleportation)

Annotations:
Snake:2 Vashnia


Innate Abilities, Weirdness & Mutations

You can spit poison.


Message History

The fireball engulfs the naga sharpshooter.
The naga sharpshooter is severely wounded.
The fireball engulfs the naga sharpshooter.
The naga sharpshooter is almost dead.
Your battlesphere fires!
The barrage of energy hits the naga sharpshooter.
The naga sharpshooter is moderately wounded.
The naga sharpshooter moves out of view.
The naga sharpshooter gestures wildly while chanting.
The naga sharpshooter magically shoots a silver bolt.
The silver bolt hits you!!
* * * LOW HITPOINT WARNING * * *
The silver sears you!
* * * LOW HITPOINT WARNING * * *
The naga sharpshooter shoots an arrow.
The arrow hits you!
* * * LOW HITPOINT WARNING * * *
The naga sharpshooter gestures wildly while chanting.
The naga sharpshooter magically shoots an arrow.
The arrow hits you!!
You die...

....##..)..........#..?.......
..........#.......###........
.....##....###..## #[##.....
.........####..# ....#..##.
##.........#...#.##.....# .
...##....## #..##....#..
.###...(## ...#........#
.##..8*(##.....#..#...##
........(@.....# ....###
..........#...#..# #
...N.)##### .#.# .)NN. .# ....
# ...


You could see 3 naga sharpshooters and a friendly lightning spire.

Vanquished Creatures
  Asterion (Snake:1)
  4 greater nagas (Snake:2)
  Aizul (Snake:2)
  2 orc warlords
  3 stone giants
  2 deep elf demonologists (Elf:1)
  A dire elephant (Lair:8)
  Snorg (Lair:4)
  Josephine (Orc:3)
  Fannar (Lair:4)
  7 hydras
  Harold (Lair:5)
  3 naga warriors
  A catoblepas (Lair:8)
  8 death yaks (Lair:8)
  2 anacondas (Snake:2)
  14 dancing weapons (Elf:2)
  The ghost of faibistes the Thaumaturge, a powerful DEWz of Sif Muna (D:10)
  4 orc high priests (Orc:4)
  4 shock serpents
  Urug (Orc:3)
  2 naga sharpshooters (Snake:2)
  A soul eater (Orc:4)
  A sun demon (Orc:4)
  A fire crab (Lair:8)
  The ghost of faibistes the Thaumaturge, an experienced DEWz of Sif Muna (D:9)
  An ice devil (Orc:4)
  17 deep elf knights
  A giant orange brain (shapeshifter) (Elf:2)
  Erolcha (Orc:3)
  A gelid demonspawn (Orc:4)
  5 naga ritualists
  19 deep elf summoners
  12 deep elf conjurers
  6 orc knights
  A griffon (Lair:7)
  7 mana vipers
  8 orc sorcerers (Orc:4)
  2 salamanders
  4 oklob plants (Lair:7)
  12 elephants
  3 cyclopes
  Maurice (D:8)
  Joseph (Orc:3)
  4 guardian serpents (Snake:2)
  18 black mambas
  A torpor snail (Lair:5)
  A gargoyle (D:13)
  3 naga magi
  A kobold demonologist (D:11)
  11 spiny frogs
  7 komodo dragons
  3 blue devils (Orc:4)
  A komodo dragon (shapeshifter) (Elf:2)
  3 trolls
  4 deep elf priests (Elf:2)
  2 fire drakes
  A polar bear (Lair:8)
  Grinder (D:4)
  15 blink frogs
  A raven (Lair:6)
  2 jumping spiders (Elf:1)
  A boulder beetle (Lair:5)
  3 basilisks
  2 tarantellas (Elf:1)
  2 redbacks
  A spriggan (D:7)
  6 wraiths
  4 wyverns
  24 deep elf magi
  28 deep elf fighters
  A steam dragon (D:9)
  24 yaks
  2 vampire mosquitoes (D:12)
  7 hippogriffs
  3 wargs
  18 nagas
  15 wolves
  25 water moccasins
  11 porcupines
  44 orc warriors
  A black bear (Lair:8)
  8 centaurs
  2 ice beasts
  16 ogres
  A sky beast (D:10)
  A boring beetle (Lair:6)
  16 crocodiles
  3 big kobolds
  A lightning spire (Lair:8)
  A wyvern zombie (D:9)
  12 giant frogs
  5 killer bees (D:9)
  4 scorpions
  An electric eel (Lair:3)
  A vampire bat (D:6)
  A giant frog zombie (D:5)
  5 crimson imps
  2 goliath beetles
  3 centaur skeletons
  2 centaur zombies
  33 orc priests
  9 wights
  9 hounds
  2 giant frog skeletons
  2 jellies
  2 quasits (D:9)
  A wasp zombie (D:11)
  10 hell rats
  27 orc wizards
  14 iguanas
  17 worker ants
  16 sheep
  A killer bee zombie (D:9)
  A hound zombie (D:9)
  A hound skeleton (D:6)
  3 worker ant zombies
  19 gnolls
  20 adders
  6 giant mites
  5 shadow imps
  18 river rats
  3 worms
  5 white imps
  3 adder skeletons
  An adder zombie (D:4)
  7 giant geckos
  3 oozes
  148 orcs
  33 bats
  A bat skeleton (D:6)
  36 goblins
  37 hobgoblins
  10 jackals
  A ball python (D:5)
  4 giant cockroaches
  A giant gecko skeleton (D:4)
  5 giant newts
  2 hobgoblin zombies (D:4)
  A jackal zombie (D:8)
  25 kobolds
  2 kobold skeletons (D:4)
  A kobold zombie (D:4)
  3 orc skeletons (D:4)
  14 quokkas
  A quokka zombie (D:6)
  30 rats
  A plant (Lair:5)
1151 creatures vanquished.

Vanquished Creatures (collateral kills)
  Erica (Lair:5)
  A deep troll shaman (Lair:8)
  The ghost of faibistes the Thaumaturge, a powerful DEWz of Sif Muna (Lair:3)
  A death yak (Lair:8)
  A deep elf knight (Elf:1)
  Nergalle (Lair:2)
  2 orc knights
  2 orc sorcerers (Orc:4)
  A griffon (Lair:7)
  An oklob plant (Lair:7)
  A black mamba (Lair:6)
  A spiny frog (Lair:6)
  2 trolls (Orc:3)
  A blink frog (Lair:8)
  A yak (Lair:5)
  2 wargs
  A hippogriff (Lair:7)
  A water moccasin (Lair:2)
  A vampire mosquito (D:12)
  3 wolves (Lair:4)
  2 porcupines
  A naga (Snake:2)
  4 orc warriors
  4 ogres
  A boring beetle (Lair:8)
  A giant frog (Lair:2)
  7 orc priests
  4 orc wizards
  A spectral orc (Lair:2)
  60 river rats
  8 white imps (Orc:1)
  68 orcs
  10 goblins
  3 hobgoblins
  2 jackals (D:1)
  2 butterflies
  3 fungi
207 creatures vanquished.

Vanquished Creatures (others)
  17 ice beasts
  An ogre (Orc:1)
  21 lightning spires
  A crimson imp (D:3)
  A shadow imp (D:3)
  2 white imps (D:4)
  2 orcs
  85 fungi
  15 plants
145 creatures vanquished.

Grand Total: 1503 creatures vanquished

Notes
Turn   | Place    | Note
--------------------------------------------------------------
     0 | D:1      | faibistes, the Deep Elf Wizard, began the quest for the Orb.
     0 | D:1      | Reached XP level 1. HP: 10/10 MP: 6/6
   459 | D:1      | Reached XP level 2. HP: 15/15 MP: 8/10
   482 | D:1      | Learned a level 2 spell: Blink
   485 | D:1      | Learned a level 2 spell: Call Imp
   838 | D:1      | Reached skill level 5 in Spellcasting
  1354 | D:2      | Reached XP level 3. HP: 19/19 MP: 12/14
  1359 | D:2      | Learned a level 3 spell: Conjure Flame
  1363 | D:2      | Learned a level 3 spell: Mephitic Cloud
  1541 | D:2      | Found a blossoming altar of Fedhas.
  1697 | D:2      | Noticed a moth of wrath
  1698 | D:2      | Found a bloodstained altar of Trog.
  2386 | D:2      | Found an opulent altar of Gozag.
  2627 | D:2      | Found a deep blue altar of Sif Muna.
  2630 | D:2      | Became a worshipper of Sif Muna the Loreminder
  2743 | D:3      | Found a sparkling altar of Nemelex Xobeh.
  2794 | D:3      | Reached XP level 4. HP: 24/24 MP: 13/17
  2803 | D:3      | Learned a level 2 spell: Repel Missiles
  2965 | D:5      | Entered Level 5 of the Dungeon
  3175 | D:4      | Found a glowing silver altar of Zin.
  3217 | D:4      | Found a shadowy altar of Dithmenos.
  3218 | D:4      | Found a radiant altar of Vehumet.
  3236 | D:4      | Noticed Grinder
  3247 | D:4      | Paralysed by Grinder for 4 turns
  3544 | D:4      | Reached skill level 6 in Spellcasting
  3544 | D:4      | Reached XP level 5. HP: 28/28 MP: 7/20
  3782 | D:4      | Killed Grinder
  3782 | D:4      | Reached XP level 6. HP: 29/32 MP: 1/22
  3912 | D:4      | Noticed an ogre
  3923 | D:4      | Killed an ogre
  3923 | D:4      | Reached skill level 7 in Spellcasting
  4328 | D:3      | Acquired Sif Muna's first power
  4864 | D:3      | Noticed a big kobold
  5030 | D:3      | Reached XP level 7. HP: 36/36 MP: 17/25
  5061 | D:3      | Reached skill level 1 in Air Magic
  5194 | D:3      | Killed a big kobold
  5194 | D:3      | Reached skill level 1 in Fire Magic
  5440 | D:3      | Found a shimmering altar of Xom.
  6682 | D:4      | Reached skill level 1 in Poison Magic
  6978 | D:4      | Found a glowing golden altar of the Shining One.
  7209 | D:4      | Reached skill level 8 in Spellcasting
  7428 | D:4      | Reached skill level 5 in Dodging
  7428 | D:4      | Reached skill level 5 in Conjurations
  7929 | D:4      | Reached XP level 8. HP: 41/41 MP: 22/27
  8049 | D:5      | Acquired Sif Muna's second power
  8426 | D:5      | Noticed a crocodile
  8446 | D:5      | Killed a crocodile
  8621 | D:6      | Found a staircase to the Ecumenical Temple.
  8634 | Temple   | Entered the Ecumenical Temple
  8875 | D:5      | Found an iron altar of Okawaru.
  9473 | D:7      | Found a sparkling altar of Nemelex Xobeh.
  9582 | D:6      | Found a stormy altar of Qazlal.
  9809 | D:6      | Learned a level 4 spell: Airstrike
 10356 | D:6      | Reached skill level 9 in Spellcasting
 11024 | D:7      | Found Lapnasir's Antique Armour Shoppe.
 11047 | D:7      | Reached XP level 9. HP: 20/45 MP: 16/29
 11306 | D:7      | Bought a pair of runed boots for 130 gold pieces
 11845 | D:7      | Reached skill level 1 in Invocations
 11845 | D:7      | Reached skill level 1 in Evocations
 12487 | D:9      | Reached skill level 1 in Charms
 12674 | D:8      | Noticed Maurice
 13060 | D:8      | Killed Maurice
 13060 | D:8      | Acquired Sif Muna's third power
 13060 | D:8      | Reached skill level 1 in Fighting
 13352 | D:8      | Reached skill level 10 in Spellcasting
 13701 | D:8      | Reached skill level 5 in Fire Magic
 13743 | D:8      | Reached skill level 5 in Air Magic
 13743 | D:8      | Reached XP level 10. HP: 38/52 MP: 10/31
 14541 | D:10     | Entered Level 10 of the Dungeon
 15477 | D:9      | Noticed faibistes' ghost (experienced DEWz)
 15577 | D:9      | Noticed a komodo dragon
 15586 | D:9      | Killed a komodo dragon
 15678 | D:9      | Noticed a komodo dragon
 15694 | D:9      | Killed a komodo dragon
 15741 | D:9      | Killed faibistes' ghost
 16069 | D:9      | Found a staircase to the Lair.
 16126 | Lair:1   | Entered Level 1 of the Lair of Beasts
 16378 | Lair:1   | Noticed an eight-headed hydra
 16390 | Lair:1   | Killed an eight-headed hydra
 16390 | Lair:1   | Reached XP level 11. HP: 33/59 MP: 8/32
 16625 | Lair:1   | Reached skill level 11 in Spellcasting
 17248 | Lair:1   | Reached skill level 5 in Invocations
 17855 | Lair:1   | Reached skill level 5 in Charms
 18072 | Lair:1   | Received a gift from Sif Muna
 18072 | Lair:1   | Reached skill level 5 in Translocations
 18082 | Lair:1   | Learned a level 4 spell: Summon Lightning Spire
 18087 | Lair:1   | Learned a level 4 spell: Summon Ice Beast
 18094 | Lair:1   | Learned a level 6 spell: Deflect Missiles
 18440 | Lair:2   | Noticed a five-headed hydra
 18448 | Lair:2   | Killed a five-headed hydra
 18737 | Lair:2   | Reached skill level 5 in Evocations
 18919 | Lair:2   | Reached skill level 1 in Ice Magic
 19356 | Lair:2   | Got a jewelled trident
 19357 | Lair:2   | Identified the +8 trident "Groroc" {pain, Dex+5} (You found it on level 2 of the Lair of Beasts)
 19591 | Lair:2   | Noticed Nergalle
 19700 | Lair:2   | Killed Nergalle
 20141 | Lair:3   | Noticed faibistes' ghost (powerful DEWz)
 20154 | Lair:3   | Killed faibistes' ghost
 21220 | Lair:3   | Found a staircase to the Snake Pit.
 21491 | Lair:3   | Reached XP level 12. HP: 50/66 MP: 20/34
 21744 | Lair:3   | Noticed a four-headed hydra
 21750 | Lair:3   | Killed a four-headed hydra
 22112 | Lair:4   | Noticed Snorg
 22272 | Lair:4   | Killed Snorg
 22272 | Lair:4   | Reached skill level 12 in Spellcasting
 22272 | Lair:4   | Reached skill level 5 in Summonings
 22640 | Lair:4   | Learned a level 5 spell: Bolt of Magma
 22922 | Lair:4   | Noticed Fannar
 22930 | Lair:4   | Killed Fannar
 22930 | Lair:4   | Reached skill level 1 in Earth Magic
 23761 | Lair:5   | Noticed Harold
 23762 | Lair:5   | Found a staircase to the Swamp.
 23770 | Lair:5   | Killed Harold
 23991 | Lair:5   | Received a gift from Sif Muna
 23992 | Lair:5   | Identified Sif Muna's Incunabulum of Arcane Weapons and Clay (Sif Muna gifted it to you on level 5 of the Lair of Beasts)
 24084 | Lair:5   | Reached XP level 13. HP: 70/72 MP: 36/36
 24090 | Lair:5   | Learned a level 4 spell: Sticky Flame
 24257 | Lair:5   | Noticed Erica
 24268 | Lair:5   | Killed Erica
 24768 | Lair:5   | Noticed a four-headed hydra
 24779 | Lair:5   | Killed a four-headed hydra
 25244 | Lair:5   | Reached skill level 13 in Spellcasting
 26008 | Lair:8   | Entered Level 8 of the Lair of Beasts
 27039 | Lair:6   | Reached skill level 5 in Fighting
 27402 | Lair:6   | Reached skill level 5 in Earth Magic
 27665 | Lair:7   | Reached XP level 14. HP: 68/78 MP: 30/37
 27762 | Lair:7   | Received a gift from Sif Muna
 27766 | Lair:7   | Identified Sif Muna's Grimoire of Flying Confrontation (Sif Muna gifted it to you on level 7 of the Lair of Beasts)
 28503 | Lair:7   | Found a staircase to the Slime Pits.
 31606 | Lair:8   | Reached skill level 14 in Spellcasting
 31921 | Lair:8   | Noticed a dire elephant
 32033 | Lair:8   | Killed a dire elephant
 32623 | Lair:2   | Learned a level 4 spell: Petrify
 32978 | D:10     | Noticed faibistes' ghost (powerful DEWz)
 32982 | D:10     | Killed faibistes' ghost
 33118 | D:11     | Reached skill level 1 in Transmutations
 33675 | D:13     | Found a labyrinth entrance.
 34395 | D:11     | Received a gift from Sif Muna
 34396 | D:11     | Identified Sif Muna's Compendium of Displaced Attacks (Sif Muna gifted it to you on level 11 of the Dungeon)
 34542 | Lair:2   | Learned a level 4 spell: Force Lance
 34578 | Lair:1   | Reached skill level 10 in Invocations
 35213 | D:11     | Found Thuagrid's Weapon Shoppe.
 35214 | D:11     | Found a staircase to the Orcish Mines.
 35217 | D:11     | Found Qethippa's Armour Shoppe.
 35641 | Orc:1    | Entered Level 1 of the Orcish Mines
 35813 | Orc:1    | Found Schesm's General Store.
 36289 | Orc:1    | Reached XP level 15. HP: 84/84 MP: 33/38
 36865 | Orc:3    | Noticed Joseph
 36873 | Orc:3    | Killed Joseph
 36883 | Orc:3    | Noticed Erolcha
 36889 | Orc:3    | Killed Erolcha
 37001 | Orc:4    | Entered Level 4 of the Orcish Mines
 37001 | Orc:4    | Found a staircase to the Elven Halls.
 37980 | Orc:2    | Reached skill level 10 in Dodging
 38328 | Orc:3    | Noticed Urug
 38334 | Orc:3    | Killed Urug
 38398 | Orc:3    | Noticed Josephine
 38615 | Orc:3    | Killed Josephine
 40012 | Orc:4    | Found Wuesch's Antique Armour Boutique.
 40271 | Orc:3    | Reached skill level 15 in Spellcasting
 40778 | Orc:3    | Reached skill level 10 in Conjurations
 41623 | Orc:4    | Paralysed by an orc sorcerer for 7 turns
 41624 | Orc:4    | Reached skill level 10 in Fire Magic
 41848 | Orc:4    | Got a fine gossamer ring
 41852 | Orc:4    | Identified the ring of Order {Ice Stlth+} (You found it on level 4 of the Orcish Mines)
 41855 | Orc:4    | Got a fine falchion
 41856 | Orc:4    | Identified the +4 falchion "Wuthrudos" {venom, rF+ rN+} (You found it on level 4 of the Orcish Mines)
 43144 | Orc:4    | Received a gift from Sif Muna
 43145 | Orc:4    | Identified Sif Muna's Volume of Combat Magic (Sif Muna gifted it to you on level 4 of the Orcish Mines)
 43402 | Orc:4    | Found Suaxiuw's Food Boutique.
 43403 | Orc:4    | Found Wuyfam's Food Shop.
 44976 | Orc:4    | Found Qewatia's Book Emporium.
 44976 | Orc:4    | Found Abbaal's Antique Armour Shoppe.
 44977 | Orc:4    | Found a one-way gate leading to the halls of Pandemonium.
 44982 | Orc:4    | Bought a pair of polished boots for 294 gold pieces
 44992 | Orc:4    | Identified the cursed -4 pair of boots "Gronunon" {rF++ MR+ Dex+3} (You bought it in a shop on level 4 of the Orcish Mines)
 45078 | Orc:1    | Bought the +12 broad axe "Vuhiny" {vamp, rC+ MP+9} for 1290 gold pieces
 45272 | Lair:2   | Learned a level 5 spell: Fireball
 45471 | Elf:1    | Entered Level 1 of the Elven Halls
 46169 | Elf:2    | Reached skill level 16 in Spellcasting
 46286 | Elf:2    | Found a portal to a secret trove of treasure.
 46292 | Elf:2    | Found Seofius' Magic Scroll Shoppe.
 46305 | Elf:2    | Bought a scroll of acquirement for 884 gold pieces
 46305 | Elf:2    | Bought a scroll of teleportation for 51 gold pieces
 46306 | Elf:2    | Identified the Compendium of Mutagenic Good Luck (You acquired it on level 2 of the Elven Halls)
 46728 | Elf:1    | Reached XP level 16. HP: 90/90 MP: 33/40
 47544 | Elf:1    | Received a gift from Sif Muna
 47545 | Elf:1    | Identified Sif Muna's Catalogue of Gliding Arcane Weapons (Sif Muna gifted it to you on level 1 of the Elven Halls)
 47738 | Elf:1    | Identified Ghamidem's Disquisition on Summoning (You found it on level 1 of the Elven Halls)
 47744 | Elf:1    | Reached skill level 10 in Earth Magic
 48121 | Lair:2   | Learned a level 2 spell: Swiftness
 48339 | Elf:1    | Found Traweat's Antique Weapon Boutique.
 49803 | Elf:2    | Found a huge runed gate.
 49803 | Elf:2    | Found a huge runed gate.
 49804 | Elf:2    | Found a huge runed gate.
 51309 | Elf:2    | Reached skill level 17 in Spellcasting
 51374 | Elf:2    | Reached skill level 10 in Charms
 51424 | Elf:2    | Received a gift from Sif Muna
 52193 | Lair:2   | Learned a level 5 spell: Ignite Poison
 52201 | Lair:2   | Learned a level 6 spell: Bolt of Fire
 52209 | Lair:2   | Learned a level 5 spell: Iskenderun's Battlesphere
 52323 | Snake:1  | Entered Level 1 of the Snake Pit
 53255 | Snake:2  | Found Zejuw's General Store.
 53512 | Snake:1  | Reached XP level 17. HP: 74/97 MP: 16/41
 54527 | Snake:2  | Noticed Aizul
 54536 | Snake:2  | Killed Aizul
 55051 | Lair:2   | Learned a level 3 spell: Passwall
 55251 | Snake:1  | Noticed Asterion
 55258 | Snake:1  | Killed Asterion
 55258 | Snake:1  | Received a gift from Sif Muna
 55258 | Snake:1  | Reached skill level 18 in Spellcasting
 55562 | Snake:2  | Bought a potion of beneficial mutation for 490 gold pieces
 55562 | Snake:2  | Gained mutation: You can spit poison. [potion of beneficial mutation]
 56067 | Snake:2  | Found a burning altar of Makhleb.
 56087 | Snake:2  | Noticed Vashnia
 56092 | Snake:2  | Shot with an arrow by a naga sharpshooter

Action                   |  1- 3 |  4- 6 |  7- 9 | 10-12 | 13-15 | 16-18 || total
-------------------------+-------+-------+-------+-------+-------+-------++-------
Melee: Unarmed           |    31 |       |       |       |       |       ||    31
       Dagger            |       |    10 |    63 |    96 |    13 |       ||   182
       Trident           |       |       |       |    21 |   113 |       ||   134
       Falchion          |       |       |       |       |    23 |       ||    23
       Broad axe         |       |       |       |       |       |     1 ||     1
 Cast: Magic Dart        |   104 |   161 |   514 |   278 |    86 |       ||  1143
       Call Imp          |     2 |    14 |     3 |       |       |       ||    19
       Conjure Flame     |     6 |     1 |    41 |    69 |   100 |       ||   217
       Mephitic Cloud    |     1 |    11 |    40 |    27 |    25 |       ||   104
       Repel Missiles    |       |     4 |     1 |       |       |       ||     5
       Blink             |       |     3 |    14 |     9 |    14 |     6 ||    46
       Airstrike         |       |       |    15 |   114 |   164 |    50 ||   343
       Summon Ice Beast  |       |       |       |    13 |    76 |       ||    89
       Summon Lightning  |       |       |       |    10 |    39 |     3 ||    52
       Deflect Missiles  |       |       |       |     3 |     4 |     2 ||     9
       Bolt of Magma     |       |       |       |    23 |   376 |     9 ||   408
       Sticky Flame      |       |       |       |       |    79 |       ||    79
       Force Lance       |       |       |       |       |   111 |    68 ||   179
       Fireball          |       |       |       |       |    41 |   192 ||   233
       Ignite Poison     |       |       |       |       |       |    29 ||    29
       Bolt of Fire      |       |       |       |       |       |    45 ||    45
       Iskenderun's Batt |       |       |       |       |       |     6 ||     6
Invok: Channel Energy    |       |       |     2 |    36 |    44 |    21 ||   103
       Forget Spell      |       |       |       |       |       |     3 ||     3
Evoke: Wand              |       |     7 |       |       |     5 |       ||    12
  Use: Scroll            |     4 |       |    17 |    15 |    13 |     5 ||    54
       Potion            |       |       |       |     3 |     4 |     1 ||     8
 Stab: Confused          |       |     1 |     6 |     4 |       |       ||    11
  Eat: Chunk             |     6 |     5 |    24 |    31 |    65 |    19 ||   150
       Beef jerky        |       |     1 |       |     2 |     2 |     2 ||     7
       Pizza             |       |       |     1 |     1 |     1 |       ||     3
       Fruit             |       |       |     1 |     2 |    12 |     9 ||    24
       Royal jelly       |       |       |       |     1 |     1 |     1 ||     3
